AoeStats
← hightower_208

Arena

508411585Analyzed
2v2 RM · 10d ago on Sep 22, 2026· 33m 35s· 4 players
Game mode
Random Map
Map size
Medium (4 player)
Population
200
Speed
Normal
Resources
Standard
Victory
Conquest
Starting age
Dark Age
Ending age
Imperial Age
RankedLock teamsTeams togetherTeam positionsShared explorationLock speedFull tech treeHidden civsTurbo modeCheats
Victory
Defeat
🇩🇪 Ethiopians · Germany
1619
+20
🇩🇪 Shu · Germany
1551
+22
🇩🇪 Malay · Germany
1716
-22
🇩🇪 Huns · Germany
1683
-20
Eiseob
10:03 Feudal Age
13:45 Castle Age
11:58 Double-Bit Axe
12:21 Horse Collar
14:55 Bow Saw
20:10 Stone Mining
23:56 Loom
24:49 Wheelbarrow
27:17 Imperial Age
26:16 Hand Cart
27:37 Forging
27:28 Scale Mail Armor
29:51 Scale Barding Armor
30:03 Chain Mail Armor
29:31 Capped Ram
30:51 Elite White Feather Guard
31:00 Elite White Feather Guard
33:43 Plate Mail Armor
33:36 Conscription
Mario
10:14 Feudal Age
13:48 Castle Age
11:55 Horse Collar
12:37 Double-Bit Axe
14:51 Bow Saw
14:43 Heavy Plow
18:36 Loom
19:56 Fletching
28:53 Scale Mail Armor
hightower_208
11:25 Feudal Age
9:52 Loom
14:24 Castle Age
13:41 Double-Bit Axe
17:40 Bow Saw
20:40 Horse Collar
24:47 Wheelbarrow
26:02 Hand Cart
29:00 Fletching
31:47 Imperial Age
29:59 Bodkin Arrow
29:46 Crossbowman
30:32 Heavy Plow
30:55 Thumb Ring
31:20 Bracer
32:55 Chemistry
31:49 Arbalester
34:19 Ballistics
Mjoelnir
10:50 Feudal Age
11:43 Double-Bit Axe
12:07 Horse Collar
14:27 Castle Age
15:44 Scale Barding Armor
15:53 Bow Saw
25:13 Wheelbarrow
25:06 Chain Barding Armor
26:24 Forging
28:50 Hand Cart
31:05 Loom
Connection lost

Rejoining the realm…

Still unreachable

The connection could not be restored.

Session expired

The server has moved on; the page needs a fresh start.